 Dungeon Crawl Stone Soup version 0.29-a0-529-gfa20dd96a1 (webtiles) character file.

Game seed: 612883873068617360

32 siradein the Covered (level 3, 0/1 (33) HPs)
             Began as a Meteoran Fighter on June 2, 2022.
             Slain by a hobgoblin (1 damage)
             ... on level 2 of the Dungeon.
             The game lasted 00:03:27 (1049 turns).

siradein the Covered (Meteoran Fighter)             Turns: 1049, Time: 00:03:28

HP:   0/1 (33)      AC:  7    Str: 19    XL:     3   Next: 67%
MP:   4/4           EV:  9    Int:  9    God:
Gold: 45            SH:  5    Dex: 14    Spells: 2/2 levels left

rFire   . . .      SeeInvis .   a - +0 flail
rCold   . . .      Faith    .   c - +0 buckler
rNeg    . . .      Spirit   .   b - +0 scale mail
rPois   .          Reflect  .   (no helmet)
rElec   .          Harm     .   (no cloak)
rCorr   .          Rampage  .   (no gloves)
Will    .....                   (no boots)
Stlth   ..........              (no amulet)
HPRegen 0.01/turn               (no ring)
MPRegen 0.09/turn               (no ring)

@: glowing, extremely drained
A: sense surroundings 1, otherworldly, glowing, explore regen
a: no special abilities


You were on level 2 of the Dungeon.
You visited 1 branch of the dungeon, and saw 2 of its levels.

You collected 45 gold pieces.

Inventory:

Hand Weapons
 a - a +0 flail (weapon)
Armour
 b - a +0 scale mail (worn)
 c - a +0 buckler (worn)
Scrolls
 e - 4 scrolls of identify {unknown}
Potions
 d - a potion of might
 f - a potion of heal wounds {unknown}


   Skills:
 + Level 3.7 Fighting
 + Level 3.3 Maces & Flails
 + Level 4.1 Armour
 + Level 4.0 Shields


You had 2 spell levels left.
You didn't know any spells.
Your spell library was empty.

Dungeon Overview and Level Annotations

Branches:
Dungeon (2/15)

Altars:

Shops:
D:2 =


Innate Abilities, Weirdness & Mutations

You passively map a small area around you.
You are easily found by Zot.
You glow in the dark.
You regain HP and MP as you explore.


Message History

You hit the kobold.
You kill the kobold!
No target in view!
No target in view!
No target in view!
No target in view!
No target in view!
No target in view!
You see here a +0 short sword.
Done exploring.
Done exploring.
Done exploring.
Done exploring.
Done exploring.
(D) Dungeon
Where to? (? - help)
What level of the Dungeon? (default 1, ? - help)
You see here a +0 club.
There is a stone staircase leading down here.
You climb downwards.
Found Oseitat's Jewellery Emporium.
Found a stone staircase leading down.
There is a stone staircase leading up here.
There is an entrance to Oseitat's Jewellery Emporium here.
A bat comes into view.
A bat is nearby!
A bat is nearby!
A bat is nearby!
You block the bat's attack. The bat hits you but does no damage.
The bat hits you but does no damage.
A hobgoblin comes into view.
The bat misses you.
You closely miss the bat. You block the bat's attack.
You closely miss the bat. You block the bat's attack.
The bat hits you but does no damage. The bat barely misses you.
You block the bat's attack. The bat barely misses you.
The bat hits you but does no damage. The hobgoblin hits you.
Ouch! That really hurt!
You die...

,..# , *
#############...## *
.................# #
...........##.#..#.#
...........##.#..#.#
...........##.#....#
,
...........##.#<..##
......gb...#.......#
,*
.......@...#.......#
...........#.......#
**
,...........#.......#
...........#.......#
* *
##########.#.#.....>.
#..∩......##.*
###.#.....# #...#####
#####


You could see a hobgoblin and a bat.

Vanquished Creatures
  A dart slug (D:1)
  An endoplasm (D:1)
  3 giant cockroaches (D:1)
  2 goblins (D:1)
  4 hobgoblins (D:1)
  4 jackals (D:1)
  A quokka (D:1)
  A ball python (D:1)
  3 bats (D:1)
  A frilled lizard (D:1)
  2 kobolds (D:1)
  6 rats (D:1)
29 creatures vanquished.

Notes
Turn   | Place    | Note
-------+----------+-------------------------------------------
     0 | D:1      | siradein the Meteoran Fighter began the quest for the Orb.
     0 | D:1      | Reached XP level 1. HP: 19/19 MP: 2/2
   111 | D:1      | Reached XP level 2. HP: 21/26 MP: 3/3
   446 | D:1      | Reached XP level 3. HP: 29/31 MP: 4/4
   480 | D:1      | Glimpsed the power of Zot.
   530 | D:1      | Glimpsed the power of Zot.
   570 | D:1      | Glimpsed the power of Zot.
   579 | D:1      | Glimpsed the power of Zot.
   580 | D:1      | Touched by the power of Zot.
   678 | D:1      | Glimpsed the power of Zot.
   728 | D:1      | Glimpsed the power of Zot.
   767 | D:1      | Glimpsed the power of Zot.
   776 | D:1      | Glimpsed the power of Zot.
   777 | D:1      | Touched by the power of Zot.
   877 | D:1      | Glimpsed the power of Zot.
   927 | D:1      | Glimpsed the power of Zot.
   967 | D:1      | Glimpsed the power of Zot.
   976 | D:1      | Touched by the power of Zot.
  1031 | D:2      | Found Oseitat's Jewellery Emporium.
  1049 | D:2      | Slain by a hobgoblin

Illustrated notes

Levels and vault maps discovered:
D:1:      ebering_trefoil_3fold, layout_loops_ring, minmay_misc_feat_hallway,
          dreamdust_wishing_well
D:2:      layout_basic, serial_shops, nicolae_shop_crystal

Skill      XL: |  1  2  3 |
---------------+----------+-----
Maces & Flails | 3 |  3.3
Armour         | 4 |  4.1
Shields        | 4 |  4.0
Fighting       | |  3.7

Action                   || total
-------------------------++-------
Melee: Flail             ||    88
Armor: Scale mail        ||    69
Dodge: Dodged            ||    43
Block: Buckler           ||    30

Table legend: (Time is in decaauts)
 A = Elapsed time spent in this place.
 B = Non-inter-level travel time spent in this place.
 C = Inter-level travel time spent in this place.
 D = Time resting spent in this place.
 E = Time spent auto-exploring this place.
 F = Levels seen in this place.
 G = Mean time per level.
                   A        B        C        D        E       F      G
               +--------+--------+--------+--------+--------+-----+--------+
         Total |   1074 |   1035 |     39 |      0 |    823 |   2 |  537.0 |
       Dungeon |   1074 |   1035 |     39 |      0 |    823 |   2 |  537.0 |
               +--------+--------+--------+--------+--------+-----+--------+

Top non-repeatable levels by time:
     D:1: 1055 daAuts
     D:2: 18 daAuts
